 Dungeon Crawl Stone Soup version 0.13-a0-1804-g486adc7 (webtiles) character file.

189 EmilMadness the Skirmisher (level 4, -1/41 HPs)
             Began as a Minotaur Berserker on June 24, 2013.
             Was a Believer of Trog.
             Slain by Jessica (2 damage)
             ... on Level 3 of the Dungeon.
             The game lasted 00:05:54 (1346 turns).

EmilMadness the Skirmisher (Minotaur Berserker)     Turns: 1346, Time: 00:05:54

HP  -1/41        AC  2     Str 22      XL: 4   Next: 29%
MP   1/1         EV 12     Int  4      God: Trog [**....]
Gold 101         SH  0     Dex 10      Spells:  0 memorised,  3 levels left

Res.Fire  : . . .   See Invis. : .   a - +0 hand axe {=f}
Res.Cold  : . . .   Warding    : .   b - +0 animal skin
Life Prot.: . . .   Conserve   : .   (no shield)
Res.Poison: .       Res.Corr.  : .   (helmet restricted)
Res.Elec. : .       Clarity    : .   (no cloak)
Sust.Abil.: . .     Spirit.Shd : .   (no gloves)
Res.Mut.  : .       Stasis     : .   (no boots)
Res.Rott. : .       Flight     : .   (no amulet)
Saprovore : . . .                    (no ring)
                                     (no ring)

@: mildly poisoned, slowed, very slow, slightly resistant to hostile
enchantments, unstealthy
A: retaliatory headbutt, horns 2
a: Burn Spellbooks, Berserk, Trog's Hand, Renounce Religion


You were on level 3 of the Dungeon.
You worshipped Trog.
Trog was greatly pleased with you.
You were very hungry.

You visited 1 branch of the dungeon, and saw 3 of its levels.

You collected 81 gold pieces.

Inventory:

Hand weapons
 a - a +0,+0 hand axe (weapon) {=f}
Armour
 b - a +0 animal skin (worn)
Comestibles
 c - 3 bread rations
 o - a pear
 q - a meat ration
Scrolls
 f - a scroll of enchant weapon II {unknown}
 g - 5 scrolls of remove curse {unknown}
 k - a scroll of enchant weapon I {unknown}
 n - a scroll of identify {unknown}
 s - a scroll of teleportation {unknown}
Jewellery
 i - a cursed ring of teleportation {unknown}
Potions
 d - a potion of slowing {unknown}
 e - a potion of magic {unknown}
 h - 4 potions of curing {unknown}
 j - a potion of restore abilities {unknown}
 l - a potion of porridge {unknown}
 m - 2 potions of speed {unknown}
 p - a potion of agility {unknown}
 r - a potion of heal wounds {unknown}
 t - a potion of degeneration {unknown}


   Skills:
 + Level 6.1 Fighting
 - Level 3.6 Axes
 - Level 2.4 Armour
 - Level 2.1 Dodging
 + Level 0.5 Stealth


You had 3 spell levels left.
You didn't know any spells.

Dungeon Overview and Level Annotations

Branches:
Dungeon (3/27)

Altars:
Fedhas
Zin

Annotations
D:3 Jessica


Innate Abilities, Weirdness & Mutations

You reflexively headbutt those who attack you in melee.
You have a pair of horns on your head.


Message History

* * * LOW HITPOINT WARNING * * *
You feel sick. Jessica barely misses you.
Jessica mumbles some strange words.
Jessica seems to speed up.
A bat comes into view.
You closely miss Jessica.
Jessica is lightly wounded.
* * * LOW HITPOINT WARNING * * *
You feel sick. The bat misses you. You furiously retaliate!
You headbutt the bat.
You kill the bat!
Trog accepts your kill.
Jessica points at you and mumbles some strange words.
You resist. Jessica hits you.
* * * LOW HITPOINT WARNING * * *
You hit Jessica but do no damage.
Jessica is lightly wounded.
Jessica casts a spell at you. You resist. Jessica hits you.
You die...

#.#+# #.# #..
#.# #..
#.#######
##.......#
#......#.#
#..###.#
#....# #
#....# #.@..#
#.....@%.....#
#..###..##....
... .... ...#
.# #<... ...
#..... #.#.###
#.#.# #.#


You could see Jessica.

Vanquished Creatures
  A worker ant (D:3)
  Terence (D:3)
  A worm (D:2)
  A giant gecko (D:2)
  8 bats
  A giant cockroach (D:1)
  5 hobgoblins
  2 jackals (D:2)
  10 kobolds
  A quokka (D:2)
  3 giant newts
  6 goblins
  5 rats
45 creatures vanquished.

Notes
Turn   | Place    | Note
--------------------------------------------------------------
     0 | D:1      | EmilMadness, the Minotaur Berserker, began the quest for the Orb.
     0 | D:1      | Reached XP level 1. HP: 19/19 MP: 0/0
    97 | D:1      | Reached skill level 4 in Fighting
   113 | D:1      | Reached XP level 2. HP: 25/27 MP: 0/0
   436 | D:1      | Acquired Trog's second power
   561 | D:2      | Reached skill level 5 in Fighting
   592 | D:2      | Reached XP level 3. HP: 15/33 MP: 1/1
   962 | D:2      | Found a blossoming altar of Fedhas.
   963 | D:2      | Found a glowing silver altar of Zin.
  1286 | D:3      | Noticed Terence
  1295 | D:3      | Killed Terence
  1338 | D:3      | Reached skill level 6 in Fighting
  1338 | D:3      | Reached XP level 4. HP: 15/41 MP: 1/1
  1340 | D:3      | Noticed Jessica
  1345 | D:3      | HP: 1/41 [Jessica (4)]
  1346 | D:3      | Slain by Jessica

Action                   |  1- 3 |  4- 6 || total
-------------------------+-------+-------++-------
Melee: Hand axe          |    80 |     3 ||    83
 Stab: Sleeping          |     1 |       ||     1
